 Dungeon Crawl Stone Soup version 0.29-a0-286-g41199d4a87 (webtiles) character file.

Game seed: 102847851579211144

299 Colgate the Vexing (level 6, -1/28 HPs)
             Began as a Spriggan Enchanter on Mar 16, 2022.
             Was a Believer of Fedhas.
             Slain by a bullfrog (7 damage)
             ... in a sewer.
             The game lasted 00:10:49 (3864 turns).

Colgate the Vexing (Spriggan Enchanter)             Turns: 3864, Time: 00:10:49

Health: -1/28      AC:  2    Str:  4    XL:     6   Next: 13%
Magic:  2/11       EV: 17    Int: 18    God:    Fedhas [**....]
Gold:   138        SH:  0    Dex: 16    Spells: 1/11 levels left

rFire   . . .      SeeInvis +   b - +2 rapier (holy)
rCold   . . .      Faith    .   (no shield)
rNeg    . . .      Spirit   .   n - +0 robe
rPois   .          Reflect  .   (helmet restricted)
rElec   .          Harm     .   (no cloak)
rCorr   .          Rampage  .   (gloves unavailable)
Will    +....                   (boots unavailable)
Stlth   +++.......              (no amulet)
HPRegen 0.09/turn               (no ring)
MPRegen 0.12/turn               (no ring)

@: very quick
A: very small, no large weapons, unfitting armour, see invisible, speed 3
a: Renounce Religion, Wall of Briars


You were in a sewer.
You worshipped Fedhas.
Fedhas was pleased with you.
You visited 1 branch of the dungeon, and saw 3 of its levels.
You also visited: Sewer.

You collected 138 gold pieces.

Inventory:

Hand Weapons
 a - a +1 dagger
 b - a +2 rapier of holy wrath (weapon)
 p - a +0 hunting sling
Armour
 n - a +0 robe (worn)
Wands
 f - a wand of iceblast (8) {@v2}
Scrolls
 d - 2 scrolls of fog
Potions
 c - 2 potions of invisibility
 e - 2 potions of mutation {unknown}
 h - a potion of lignification {unknown}
 j - 2 potions of heal wounds {unknown}
 k - 2 potions of curing {unknown}
 l - a potion of cancellation {unknown}
 o - 2 potions of brilliance
 q - a potion of might {unknown}


   Skills:
 - Level 2.1 Short Blades
 - Level 2.6 Dodging
 + Level 4.7 Stealth
 - Level 3.0 Spellcasting
 - Level 7.8 Hexes


You had one spell level left.
You knew the following spells:

 Your Spells              Type           Power      Damage    Failure   Level
a - Ensorcelled Hibernat  Hex/Ice        32%        N/A       4%          2
b - Passwall              Tmut/Erth      1%         N/A       24%         2
c - Tukima's Dance        Hex            30%        N/A       1%          3
d - Confusing Touch       Hex            30%        N/A       1%          3

Your spell library contained the following spells:

 Spells                   Type           Power      Damage    Failure   Level
 Sandblast                Erth           4%         2d4       16%         1
 Dazzling Flash           Conj/Hex       32%        N/A       10%         3
 Stone Arrow              Conj/Erth      4%         3d7       43%         3


Dungeon Overview and Level Annotations

Branches:
Dungeon (3/15)              Sewer (1/1)

Altars:
Cheibriados
Fedhas


Innate Abilities, Weirdness & Mutations

You are very small and have problems with some larger weapons.
You are too small for most types of armour.
You have supernaturally acute eyesight. (SInv)
You cover ground extremely quickly. (Speed+++)


Message History

You impale the bullfrog!! The adder bites you.
You are poisoned.
The adder poisons you! The bullfrog hits you.
The giant cockroach closely misses you. The adder completely misses you.
The bullfrog hits you but does no damage.
Aiming: Ensorcelled Hibernation (safe; 4% risk of failure)
Aim: a bullfrog (almost dead, not susceptible)
The bullfrog is unaffected.
You feel sick. The giant cockroach barely misses you.
The adder closely misses you. The giant cockroach closely misses you.
You feel sick.
The bullfrog swells and bulges.
Aiming: Ensorcelled Hibernation (safe; 4% risk of failure)
Aim: a bullfrog (chance to affect: 50%)
The bullfrog resists with some effort.
You feel sick. The bullfrog barely misses you. The bullfrog hits you.
The adder closely misses you. The bullfrog misses you.
The bullfrog closely misses you.
Aiming: Ensorcelled Hibernation (safe; 4% risk of failure)
Aim: a bullfrog (chance to affect: 50%)
The bullfrog resists with some effort.
You feel sick.
You are no longer poisoned.
The adder misses you. The giant cockroach closely misses you.
The bullfrog hits you.
* * * LOW HITPOINT WARNING * * *
The bullfrog misses you. The adder barely misses you.
The giant cockroach barely misses you.
You don't have enough magic to cast this spell.
Your +2 rapier of holy wrath softly glows with a divine radiance!
b - a +2 rapier of holy wrath (weapon)
The bullfrog completely misses you. The bullfrog closely misses you.
You puncture the bullfrog!
You kill the bullfrog!
Fedhas appreciates your contribution to the ecosystem.
The adder misses you. The bullfrog hits you.
* * * LOW HITPOINT WARNING * * *
The giant cockroach misses you. The adder misses you. The bullfrog hits you!
You die...
Fedhas appreciates your contribution to the ecosystem.

#.# #.≈≈≈.≈≈≈≈≈≈.≈≈≈≈#
#.# #∩#
#.≈≈≈.≈≈≈≈≈.≈.≈≈≈≈ #.#
#.# #.≈≈≈≈≈≈≈≈.[.≈≈≈≈≈
#.# #∩#
#.≈≈≈≈≈≈≈≈=!).≈≈≈≈ #.#
#.# #.≈≈≈≈≈≈≈..!?≈≈≈≈≈#
#.# ###
#.≈≈≈≈≈≈≈≈.≈≈≈≈≈≈≈# #†#
#.≈≈≈≈≈≈≈≈≈≈.≈≈≈≈≈# #.#
#.≈≈≈≈≈≈BSF.≈.≈≈≈# #≈#
#.≈≈≈≈≈≈≈@≈≈..∩≈≈# #.#
#.≈≈≈≈≈≈≈≈≈≈≈≈≈≈≈# #.#
#.≈≈≈≈≈≈≈≈≈≈≈≈≈≈## #≈#
#.≈≈≈≈≈≈≈≈≈≈≈≈≈≈# #≈#
#.≈≈≈.≈≈≈≈≈≈≈≈≈## #.#
#.≈≈≈.≈≈≈≈≈≈≈≈########≈#
#.≈≈≈≈..≈≈≈≈≈≈≈≈≈≈.≈≈≈≈#
#.≈≈≈≈≈≈≈≈≈≈≈≈≈≈≈≈≈≈≈≈≈#
#.≈≈≈≈≈≈≈≈≈≈≈≈≈≈≈≈≈≈≈≈.#


You could see a bullfrog, an adder and a giant cockroach.

Vanquished Creatures
  Sigmund (D:2)
  A bullfrog (Sewer)
  Robin (D:2)
  3 adders
  2 worms
  2 dart slugs
  11 ball pythons
  2 endoplasms
  7 giant cockroaches
  8 goblins
  9 hobgoblins
  7 jackals (D:1)
  5 kobolds
  4 quokkas
  5 bats
  9 frilled lizards
  3 rats
80 creatures vanquished.

Notes
Turn   | Place    | Note
-------+----------+-------------------------------------------
     0 | D:1      | Colgate the Spriggan Enchanter began the quest for the Orb.
     0 | D:1      | Reached XP level 1. HP: 9/9 MP: 5/5
    42 | D:1      | Reached skill level 4 in Hexes
   182 | D:1      | Reached XP level 2. HP: 13/13 MP: 6/6
   185 | D:1      | Learned a level 2 spell: Ensorcelled Hibernation
   703 | D:1      | Reached skill level 5 in Hexes
   858 | D:1      | Reached XP level 3. HP: 16/16 MP: 8/8
  1056 | D:1      | Learned a level 2 spell: Passwall
  1513 | D:2      | Noticed Sigmund
  1811 | D:2      | Identified the +0 helmet "Peysall" {rF+ Regen+ rCorr Dex+2
                  | Stlth+}
  1811 | D:2      | Noticed Robin
  2260 | D:2      | Found a faded altar of an unknown god.
  2266 | D:2      | Prayed at the altar of an unknown god.
  2266 | D:2      | Became a worshipper of Fedhas Madash
  2266 | D:2      | Reached * piety under Fedhas
  2358 | D:2      | Killed Robin
  2449 | D:2      | Reached XP level 4. HP: 18/21 MP: 1/9
  2636 | D:2      | Killed Sigmund
  2637 | D:2      | Reached skill level 7 in Hexes
  2637 | D:2      | Reached XP level 5. HP: 24/24 MP: 5/10
  2783 | D:2      | Found a snail-covered altar of Cheibriados.
  3058 | D:3      | Learned a level 3 spell: Tukima's Dance
  3062 | D:3      | Learned a level 3 spell: Confusing Touch
  3207 | D:3      | Found a glowing drain.
  3245 | Sewer    | Entered a sewer
  3264 | Sewer    | Reached XP level 6. HP: 28/28 MP: 4/11
  3531 | Sewer    | Reached ** piety under Fedhas
  3864 | Sewer    | Slain by a bullfrog

Illustrated notes

Levels and vault maps discovered:
D:1:      saegor_arrival_simple_b, layout_loops_cross, minmay_tripent
D:2:      layout_loops_ring, basic_ecumenical_altar, basic_altar,
          dreamdust_princess_bridge, uniq_sigmund, uniq_robin
D:3:      minmay_chambers_of_threes, layout_basic, serial_shops,
          nicolae_shop_behind_doors, cheibrodos_sewer_entry_bend
Sewer:    sewer_frog_island_01

Skill      XL: |  1  2  3  4  5  6 |
---------------+-------------------+-----
Hexes          | 4 5 7 |  7.8
Spellcasting   | 3 |  3.0
Short Blades   | 2 |  2.1
Dodging        | |  2.6
Stealth        | |  4.7

Action                   |  1- 3 |  4- 6 || total
-------------------------+-------+-------++-------
Melee: Dagger            |   102 |    39 ||   141
       Punch             |     1 |       ||     1
       Rapier            |       |     8 ||     8
 Fire: Hunting sling     |       |     8 ||     8
 Cast: Ensorcelled Hiber |    38 |    44 ||    82
       Passwall          |     2 |       ||     2
  Use: Scroll            |     1 |     4 ||     5
 Stab: Sleeping          |    31 |    31 ||    62
Armor: Robe              |    10 |    10 ||    20
Dodge: Dodged            |    98 |    50 ||   148

Table legend: (Time is in decaauts)
 A = Elapsed time spent in this place.
 B = Non-inter-level travel time spent in this place.
 C = Inter-level travel time spent in this place.
 D = Time resting spent in this place.
 E = Time spent auto-exploring this place.
 F = Levels seen in this place.
 G = Mean time per level.
                   A        B        C        D        E       F      G
               +--------+--------+--------+--------+--------+-----+--------+
         Total |   3139 |   3046 |     93 |    219 |   2104 |   4 |  784.8 |
       Dungeon |   2550 |   2457 |     93 |    219 |   1682 |   3 |  850.0 |
         Sewer |    589 |    589 |      0 |      0 |    422 |   1 |  589.0 |
               +--------+--------+--------+--------+--------+-----+--------+

Top non-repeatable levels by time:
     D:1: 1296 daAuts
     D:2: 1104 daAuts
   Sewer: 589 daAuts
     D:3: 149 daAuts
